 Seeded DCSS version 0.29.1-13-g9f3cf754e1 (webtiles) character file.

Game seed: 20230120 (custom seed)

319 stormannn the Magician (level 6, 0/46 HPs)
             Began as a Djinni Fire Elementalist on Jan 20, 2023.
             Slain by a black bear (9 damage)
             ... on level 5 of the Dungeon.
             The game lasted 00:06:32 (5265 turns).

stormannn the Magician (Djinni Fire Elementalist)   Turns: 5265, Time: 00:06:33

Health: 0/46       AC:  4    Str:  7    XL:     6   Next: 75%
Gold:   151        EV: 12    Int: 18    God:
                   SH:  0    Dex: 14

rFire   + + .      SeeInvis .   (no weapon)
rCold   x . .      Faith    .   (no shield)
rNeg    . . .      Spirit   .   q - +1 robe of Otoned {Will+}
rPois   ∞          Reflect  .   k - +0 helmet
rElec   .          Harm     .   (no cloak)
rCorr   .          Rampage  .   (no gloves)
Will    +....                   (boots unavailable)
Stlth   ++........              (no amulet)
HPRegen 0.15/turn               (no ring)
MPRegen 0.00/turn               (no ring)

@: flying
A: sickness immunity, fire resistance 2, cold vulnerability 1, float, innate
caster, HP casting, extra vitality 1
a: no special abilities


You were on level 5 of the Dungeon.
You visited 1 branch of the dungeon, and saw 5 of its levels.

You collected 151 gold pieces.

Inventory:

Armour
 k - a +0 helmet (worn)
 q - the +1 robe of Otoned (worn) {Will+}
   (You found it on level 4 of the Dungeon)

   Will:      It increases your willpower.
Jewellery
 m - a ring of ice
Wands
 b - a wand of flame (38)
Scrolls
 a - 2 scrolls of summoning
 d - a scroll of poison {unknown}
 e - 2 scrolls of identify {unknown}
 h - a scroll of enchant armour {unknown}
 l - a scroll of vulnerability {unknown}
 p - 3 scrolls of teleportation {unknown}
Potions
 c - a potion of degeneration {unknown}
 f - a potion of berserk rage {unknown}
 g - 2 potions of mutation {unknown}
 i - a potion of flight {unknown}
 n - a potion of ambrosia {unknown}
 o - a potion of heal wounds {unknown}


   Skills:
 + Level 3.3 Fighting
 - Level 2.1 Dodging
 - Level 1.5 Stealth
 * Level 4.6 Spellcasting


You couldn't memorise any spells.
You knew the following spells:

 Your Spells              Type           Power      Damage    Failure   Level
a - Foxfire               Conj/Fire      84%        2x1d8     1%          1
b - Scorch                Fire           42%        2d7       3%          2
c - Conjure Flame         Conj/Fire      21%        6-21      6%          3
d - Inner Flame           Hex/Fire       21%        N/A       6%          3
e - Flame Wave            Conj/Fire      21%        2d8       21%         4
f - Apportation           Tloc           42%        N/A       1%          1
g - Wereblood             Tmut           21%        N/A       3%          2
Your spell library was empty.

Dungeon Overview and Level Annotations

Branches:
Dungeon (5/15)
 Temple: D:4-7

Altars:
Nemelex Xobeh


Innate Abilities, Weirdness & Mutations

You are immune to sickness and miasma.
You are immune to poison.
Your flesh is very heat resistant. (rF++)
You are vulnerable to cold. (rC-)
You float through the air rather than walking.
You learn spells naturally, not from books.
Your magical power is your life essence.
You have superior vitality. (+4 MHP)


Message History

The foxfire hits the black bear!
The black bear is burned terribly!
The black bear is almost dead.
The black bear goes berserk!
Casting: Scorch (safe; 3% risk of failure)
Confirm with . or Enter, or press ? or * to list all spells.
You conjure some foxfire!
A scorpion comes into view.
Unknown command.
Casting: Foxfire (safe; 1% risk of failure)
Confirm with . or Enter, or press ? or * to list all spells.
You conjure some foxfire!
The foxfire hits the howler monkey.
The howler monkey is moderately wounded.
The foxfire hits the howler monkey.
The howler monkey is heavily wounded.
The howler monkey hoots and howls with incredible vigour!
A scorpion comes into view.
The black bear misses you. The black bear claws you.
The black bear barely misses you.
You hear a bark!
You hear a shout! x2; You hear a bark!
Casting: Foxfire (safe; 1% risk of failure)
Confirm with . or Enter, or press ? or * to list all spells.
You conjure some foxfire!
The foxfire hits the howler monkey.
The howler monkey is heavily wounded.
The foxfire hits the howler monkey.
The howler monkey is severely wounded.
The black bear bites you. The black bear misses you. The black bear claws you.
The howler monkey hits you!
Casting: Foxfire (safe; 1% risk of failure)
Confirm with . or Enter, or press ? or * to list all spells.
You conjure some foxfire!
The black bear is no longer more vulnerable to fire.
The foxfire hits the howler monkey.
The howler monkey is severely wounded.
The foxfire hits the howler monkey.
The howler monkey is almost dead.
The black bear bites you. The black bear closely misses you. x2
The howler monkey hits you.
* * * LOW HITPOINT WARNING * * *
The black bear bites you!
You die...

## . .. #. .#
#..#####.##
#.........##
......h.v..###
#s.s.h@§....#
#.....v§.....#
..............#
.##........#...
...#......# ..
....#####... .
..# #... ..
....


You could see a black bear (berserk, ally target), 2 scorpions and a howler
monkey (ally target).

Vanquished Creatures
  A black bear (D:4)
  Blork the orc (D:4)
  A hound (D:2)
  Robin (D:2)
  4 adders
  3 dart slugs
  5 orcs (D:3)
  4 endoplasms
  6 giant cockroaches
  11 goblins
  8 hobgoblins
  3 jackals (D:1)
  3 quokkas
  9 ball pythons
  4 bats
  2 frilled lizards (D:1)
  10 kobolds
  5 rats
81 creatures vanquished.

Vanquished Creatures (others)
  396 foxfires
396 creatures vanquished.

Grand Total: 477 creatures vanquished

Notes
Turn   | Place    | Note
-------+----------+-------------------------------------------
     0 | D:1      | stormannn the Djinni Fire Elementalist began the quest for
                  | the Orb.
     0 | D:1      | stormannn set off with the following spells memorised:
                  | Foxfire, Scorch, Conjure Flame, Inner Flame, Flame Wave.
     0 | D:1      | Reached XP level 1. HP: 15/15 MP: 0/0
   186 | D:1      | Reached XP level 2. HP: 12/22 MP: 0/0
  1237 | D:1      | Reached skill level 1 in Fighting
  1494 | D:1      | Found a faded altar of an unknown god.
  1518 | D:1      | Reached XP level 3. HP: 23/27 MP: 0/0
  1518 | D:1      | Learned a level 1 spell: Apportation
  1570 | D:1      | Reached skill level 3 in Spellcasting
  1999 | D:2      | Reached XP level 4. HP: 29/33 MP: 0/0
  2192 | D:2      | Noticed Robin
  2216 | D:2      | Killed Robin
  2770 | D:2      | Reached XP level 5. HP: 32/38 MP: 0/0
  2770 | D:2      | Learned a level 2 spell: Wereblood
  2771 | D:2      | Identified the +2 robe "Jatwef" {Rampage *Corrode Dex+2}
  3866 | D:3      | Reached skill level 4 in Spellcasting
  4327 | D:4      | Noticed a black bear
  4347 | D:4      | Killed a black bear
  4348 | D:4      | Reached XP level 6. HP: 43/46 MP: 0/0
  4481 | D:4      | Noticed Blork the orc
  4486 | D:4      | Killed Blork the orc
  4820 | D:4      | Identified the +1 robe of Otoned {Will+}
  4917 | D:4      | Found a sparkling altar of Nemelex Xobeh.
  5257 | D:5      | Entered Level 5 of the Dungeon
  5257 | D:5      | Noticed a black bear
  5265 | D:5      | Slain by a black bear

Illustrated notes

Levels and vault maps discovered:
D:1:      psy_arrival_conway, layout_basic,
          shapermc_ecumenical_altar_mp_ritualfount
D:2:      minmay_door_path, layout_rooms, grunt_ministairs_12, uniq_robin
D:3:      kb_forest_paths, layout_loops_cross
D:4:      layout_loops_ring, lemuel_doored_altar, nrook_mini_backslash,
          uniq_blork_the_orc
D:5:      layout_cave_pools, mainiacjoe_overflow_paths, elyvilon_altar_3,
          minmay_temple_entry_junction

Skill      XL: |  1  2  3  4  5 |
---------------+----------------+-----
Fighting       | 1 2 3 |  3.3
Spellcasting   | 3 4 |  4.6
Dodging        | |  2.1
Stealth        | |  1.5

Action                   |  1- 3 |  4- 6 || total
-------------------------+-------+-------++-------
Melee: Unarmed           |     1 |     3 ||     4
 Cast: Foxfire           |    86 |   184 ||   270
       Scorch            |     1 |    11 ||    12
       Conjure Flame     |       |     2 ||     2
  Use: Scroll            |       |     1 ||     1
Armor: Robe              |     3 |     3 ||     6
Dodge: Dodged            |     7 |    26 ||    33
